 Dungeon Crawl Stone Soup version 0.28.0 (console) character file.

Game seed: 6825571327736402391

48 ryathie the Skirmisher (level 3, -3/24 HPs)
             Began as a Gargoyle Fighter on Feb 19, 2022.
             Killed from afar by Natasha (7 damage)
             ... with a magic dart
             ... on level 3 of the Dungeon.
             The game lasted 00:04:55 (718 turns).

ryathie the Skirmisher (Gargoyle Fighter)            Turns: 718, Time: 00:04:56

Health: -3/24      AC: 11    Str: 19    XL:     3   Next: 72%
Magic:  3/3        EV:  9    Int:  8    God:
Gold:   156        SH:  4    Dex: 11    Spells: 2/2 levels left

rFire   . . .      SeeInvis .   a - +0 war axe
rCold   . . .      Faith    .   c - +0 buckler
rNeg    + . .      Spirit   .   b - +1 scale mail
rPois   ∞          Reflect  .   (no helmet)
rElec   +          Harm     .   (no cloak)
rCorr   .          Rampage  .   (no gloves)
Will    .....                   (no boots)
Stlth   ..........              (no amulet)
HPRegen 0.08/turn               (no ring)
MPRegen 0.08/turn               (no ring)

@: no status effects
A: sickness immunity, AC +3, negative energy resistance 1, electricity
resistance, torment resistance 1, petrification resistance
a: no special abilities


You were on level 3 of the Dungeon.
You visited 1 branch of the dungeon, and saw 3 of its levels.

You collected 156 gold pieces.

Inventory:

Hand Weapons
 a - a +0 war axe (weapon)
Missiles
 e - 2 poisoned darts (quivered)
Armour
 b - a +1 scale mail (worn)
 c - a +0 buckler (worn)
Scrolls
 h - a scroll of magic mapping
Potions
 d - 2 potions of might
 f - a potion of flight {unknown}
 i - a potion of heal wounds {unknown}
 j - a potion of curing


   Skills:
 + Level 4.2 Fighting
 + Level 2.8 Axes
 - Level 3.2 Armour
 - Level 3.2 Shields


You had 2 spell levels left.
You didn't know any spells.
Your spell library contained the following spells:

 Spells                   Type           Power      Damage    Failure   Level
 Apportation              Tloc           0%         N/A       86%         1
 Alistair's Intoxication  Tmut/Pois      0%         N/A       100%        5


Dungeon Overview and Level Annotations

Branches:
Dungeon (3/15)

Altars:
Dithmenos
Xom

Annotations:
D:3 Natasha


Innate Abilities, Weirdness & Mutations

You are immune to sickness and miasma.
Your stone body is resilient. (AC +3)
You are immune to poison.
You resist negative energy. (rN+)
You are resistant to electric shocks. (rElec)
You are resistant to unholy torment.
You are immune to petrification.


Message History

The shadow imp summons a swarm of flies.
The shadow imp barely misses you.
You closely miss Natasha.
Natasha is lightly wounded.
You hit the shadow imp. Natasha casts a spell at you.
The magic dart hits you but does no damage.
The shadow imp barely misses you. Natasha claws you.
You slash Natasha!
Natasha is severely wounded.
You hit the shadow imp but do no damage.
The shadow imp hits you.
* * * LOW HITPOINT WARNING * * *
Natasha claws you but does no damage. The shadow imp hits you.
* * * LOW HITPOINT WARNING * * *
You closely miss Natasha.
Natasha is severely wounded.
You closely miss the shadow imp. Natasha closely misses you.
The shadow imp hits you but does no damage.
You hit Natasha.
Natasha is almost dead.
You barely miss the shadow imp. Natasha misses you.
The shadow imp hits you but does no damage.
Natasha misses you.
You closely miss Natasha.
Natasha is almost dead.
You hit the shadow imp. The shadow imp barely misses you.
Natasha casts a spell at you.
The magic dart hits you but does no damage.
The shadow imp barely misses you.
You hit Natasha but do no damage.
Natasha is almost dead.
You barely miss the shadow imp. Natasha barely misses you.
The shadow imp hits you but does no damage.
You closely miss Natasha.
Natasha is almost dead.
You closely miss the shadow imp. Natasha casts a spell at you.
The magic dart hits you!
You die...

#. #. ###. ... #..##
#.#.## ..###....##
......h@..#
.$.###.5.###############
##.####.........#..
#.................
#######.#.......#
#.##...#..# #.##.)....#.
#...........
########.###


You could see Natasha and a shadow imp (summoned).

Vanquished Creatures
  2 adders
  A dart slug (D:2)
  2 orcs (D:3)
  3 endoplasms
  A giant cockroach (D:2)
  3 goblins
  2 hobgoblins (D:1)
  2 ball pythons (D:1)
  2 bats (D:1)
  A frilled lizard (D:1)
  6 kobolds
  2 rats (D:2)
27 creatures vanquished.

Notes
Turn   | Place    | Note
-------+----------+-------------------------------------------
     0 | D:1      | ryathie the Gargoyle Fighter began the quest for the Orb.
     0 | D:1      | Reached XP level 1. HP: 14/14 MP: 1/1
   128 | D:2      | Reached XP level 2. HP: 19/19 MP: 2/2
   129 | D:2      | Found a shimmering altar of Xom.
   504 | D:2      | Reached skill level 4 in Fighting
   504 | D:2      | Reached XP level 3. HP: 24/24 MP: 3/3
   585 | D:3      | Found a shadowy altar of Dithmenos.
   705 | D:3      | Noticed Natasha
   718 | D:3      | Killed from afar by Natasha

Illustrated notes

Levels and vault maps discovered:
D:1:      dpeg_arrival_arbitrary_c, layout_loops_ring, serial_rivers,
          chequers_serial_rivers_room_b, chequers_serial_rivers_marsh,
          chequers_serial_rivers_micro_e, chequers_serial_rivers_small_a
D:2:      layout_loops_corners, hellmonk_ecumenical_altar_zigzags, basic_altar
D:3:      layout_loops_ring, amcnicky_altar_gilded, tgw_fedhas,
          skrybe_limestone_x, uniq_natasha

Skill      XL: |  1  2 |
---------------+-------+-----
Axes           | 2 |  2.8
Fighting       | 4 |  4.2
Armour         | |  3.2
Shields        | |  3.2

Action                   || total
-------------------------++-------
Melee: War axe           ||    73
  Use: Scroll            ||     3
Armor: Scale mail        ||    40
Dodge: Dodged            ||    30
Block: Buckler           ||    16
